 Dungeon Crawl Stone Soup version 0.19-a0-1714-gcab94ab (webtiles) character file.

9722 Ijustatesigmund the Covert (level 11, -10/54 HPs)
             Began as a Spriggan Hunter on Sept 28, 2016.
             Was a Believer of Ashenzari.
             Mangled by Urug
             ... wielding a +5 war axe
              (29 damage)
             ... on level 1 of the Orcish Mines.
             The game lasted 00:57:28 (14863 turns).

Ijustatesigmund the Covert (Spriggan Hunter)       Turns: 14863, Time: 00:57:29

Health: -10/54     AC:  6    Str:  8    XL:     11   Next: 26%
Magic:  17/17      EV: 25    Int: 15    God:    Ashenzari [**....]
Gold:   526        SH: 11    Dex: 18    Spells: 2 memorised, 15 levels left

rFire  . . .     SeeInvis +     t - +3 dagger (venom) (curse)
rCold  + . .     Gourm    .     r - +2 robe {rF+} (curse)
rNeg   . . .     Faith    .     k - +3 buckler (curse)
rPois  .         Spirit   .     (helmet restricted)
rElec  .         Dismiss  .     v - +0 cloak
rCorr  .         Reflect  .     (gloves unavailable)
MR     +....     Harm     .     (boots unavailable)
Stlth  ++++++....               g - amulet of magic regeneration
                                (no ring)
                                I - ring of ice

@: very quick
A: unfitting armour, see invisible, herbivore 3, speed 3, slow metabolism 2
a: Curse Item, Scrying, Renounce Religion


You were on level 1 of the Orcish Mines.
You worshipped Ashenzari.
Ashenzari was pleased with you.
You were not hungry.

You visited 2 branches of the dungeon, and saw 12 of its levels.

You collected 526 gold pieces.

Inventory:

Hand Weapons
 q - a +0 dagger of electrocution
 t - a cursed +3 dagger of venom (weapon)
 w - a +0 antimagic dagger
Missiles
 c - 29 tomahawks (quivered)
 H - 4 curare-tipped needles
Armour
 k - a cursed +3 buckler (worn)
 r - a cursed +2 robe of fire resistance (worn)
 v - a +0 cloak (worn)
 G - a +2 robe of magic resistance
Jewellery
 g - an amulet of magic regeneration (around neck)
 i - an uncursed amulet of dismissal
 I - a ring of ice (left hand)
Wands
 b - a wand of random effects (1/48)
 e - a wand of iceblast (0/15)
 n - a wand of flame (12/48)
 y - a wand of digging (11/24)
 B - a wand of acid (0/15)
 D - a wand of random effects (14/48)
 L - a wand of flame (31/48)
Scrolls
 h - 4 scrolls of fog
 o - 3 scrolls of teleportation
 z - 2 scrolls of identify
Potions
 a - 2 potions of curing
 j - 2 potions of flight
 l - 4 potions of lignification
 m - 2 potions of brilliance
 p - a potion of might {unknown}
 s - 2 potions of haste {unknown}
 u - 2 potions of ambrosia {unknown}
 A - a potion of resistance
 C - a potion of magic {unknown}
 E - a potion of mutation {unknown}
Books
 x - a book of Cantrips

   Spells                             Type                      Level
   a - Confusing Touch                Hexes                        1
   b - Animate Skeleton               Necromancy                   1
   c - Summon Small Mammal            Summoning                    1
   d - Apportation                    Translocation                1
 F - a book of Power

   Spells                             Type                      Level
   a - Fulminant Prism                Conjuration/Hexes            4
   b - Iskenderun's Mystic Blast      Conjuration                  4
   c - Venom Bolt                     Conjuration/Poison           5
   d - Bolt of Magma                  Conjuration/Fire/Earth       5
   e - Iron Shot                      Conjuration/Earth            6
   f - Orb of Destruction             Conjuration                  7
   g - Spellforged Servitor           Conjuration/Summoning        7
 J - a Young Poisoner's Handbook

   Spells                             Type                      Level
   a - Sting                          Conjuration/Poison           1
   b - Mephitic Cloud                 Conjuration/Poison/Air       3
   c - Olgreb's Toxic Radiance        Poison                       4
   d - Alistair's Intoxication        Transmutation/Poison         5
   e - Venom Bolt                     Conjuration/Poison           5
 K - a book of Party Tricks

   Spells                             Type                      Level
   a - Summon Butterflies             Summoning                    1
   b - Apportation                    Translocation                1
   c - Tukima's Dance                 Hexes                        3
   d - Alistair's Intoxication        Transmutation/Poison         5
   e - Invisibility                   Hexes                        6
Comestibles
 d - 8 fruits
 f - 8 bread rations
 N - 8 royal jellies


   Skills:
 + Level 4.8 Fighting
 + Level 9.8(11.9) Short Blades
 - Level 4.0 Throwing
 - Level 9.4 Dodging
 - Level 11.1 Stealth
 - Level 4.7(6.1) Shields
 - Level 3.6 Spellcasting
 - Level 2.7 Summonings
 - Level 5.9 Translocations
 - Level 6.9 Evocations


You had 15 spell levels left.
You knew the following spells:

 Your Spells              Type           Power        Failure   Level  Hunger
a - Apportation           Tloc           ###.......   1%          1    None
b - Summon Butterflies    Summ           ##......     10%         1    None


Dungeon Overview and Level Annotations

Branches:
Dungeon (11/15)            Temple (0/1) D:4            Lair (0/6) D:8
    Orc (1/2) D:10

Altars:
Ashenzari
Dithmenos
Elyvilon
Fedhas
Gozag
Kikubaaqudgha
Makhleb
Nemelex Xobeh
Okawaru
Ru
Sif Muna
Trog
Beogh

Shops:
D:11 =

Annotations:
D:3 Xiguana's ghost, amateur DsCK
D:7 gottagoquickly's ghost, novice TrSk
D:9 Pikel
D:11 Erica
Orc:1 Urug


Innate Abilities, Weirdness & Mutations

You are very small and have problems with some larger weapons.
You are too small for most types of armour.
You have supernaturally acute eyesight. (SInv)
You are a herbivore.
You cover ground extremely quickly.
You need consume almost no food.


Message History

Evoke which item? (* to show all) (? for menu, Esc to quit)
Zapping:
e - a wand of iceblast {zapped: 12} (will waste charges)
Press: ? - help, Shift-Dir - straight line, f/p - Urug
Aim: Urug, wielding an enchanted war axe, wearing a scale mail of magic resistance and quivering a steel javelin (heavily wounded, covered in acid) Nothing appears to happen.
Urug throws a steel javelin.
The steel javelin completely misses you.
You see here a steel javelin.
Urug hits you with an enchanted war axe!!
You hit Urug.
Urug is poisoned.
Urug is severely wounded.
You closely miss Urug.
Urug is severely wounded.
Urug misses you.
You hit Urug.
Urug looks as sick as possible!
Urug is severely wounded.
You barely miss Urug.
Urug is severely wounded.
Urug hits you with an enchanted war axe!!
Ouch! That really hurt!
You die...

, , #####** .#.#...
#.#.####..#.###....#
...........$..#.....#..
.....b........#(.#.....
......._..b...)........
#..........#....##....
* ,...........(...##*
... *
......b.o..<....#* ,.
**,,, #..@.....#.## , *
,, , * #.(...(.#.## , *
##...##.#..... ,, ,,
#(..#####..... *, ,,
*##.## ....... , ,, ###
* ...$.$. * * ##..... ,
** * .... * , *


You could see Urug.

Vanquished Creatures
  Fannar (D:10)
  2 hill giants (D:10)
  An orc knight (D:10)
  A manticore (D:11)
  Psyche (D:8)
  Joseph (D:7)
  A troll (D:11)
  2 two-headed ogres
  Grinder (D:6)
  Sigmund (D:3)
  A hungry ghost (D:11)
  6 yaks
  An electric eel (D:10)
  A soldier ant (D:10)
  A water moccasin (D:6)
  Duvessa (D:4)
  2 slaves (D:9)
  2 eyes of draining (D:10)
  3 orc warriors
  3 wasps (D:10)
  2 sky beasts
  3 phantoms
  4 ogres
  A centaur (D:7)
  Blork the orc (D:4)
  7 bullfrogs
  4 scorpions
  Dowan (D:4)
  9 killer bees
  10 wights
  3 howler monkeys
  6 crimson imps
  2 jellies (D:7)
  A hound (D:9)
  3 orc priests (D:10)
  A centaur skeleton (D:8)
  6 orc wizards
  3 iguanas
  7 worker ants
  Robin (D:2)
  A worker ant zombie (D:10)
  A gnoll (D:1)
  9 adders
  4 shadow imps
  2 oozes
  An adder zombie (D:9)
  An adder skeleton (D:6)
  2 worms
  8 leopard geckos
  54 orcs
  5 giant cockroaches
  8 goblins
  12 hobgoblins
  18 jackals
  3 quokkas
  A ball python (D:2)
  9 bats
  4 frilled lizards
  A jackal skeleton (D:4)
  5 kobolds
  A quokka skeleton (D:7)
  A quokka zombie (D:5)
  10 rats
269 creatures vanquished.

Vanquished Creatures (collateral kills)
  A hill giant (D:10)
  3 orc warriors (D:10)
4 creatures vanquished.

Vanquished Creatures (others)
  A quokka (D:10)
  A bat (D:3)
  4 plants (D:9)
  3 withered plants (D:9)
9 creatures vanquished.

Grand Total: 282 creatures vanquished

Notes
Turn   | Place    | Note
-------+----------+-------------------------------------------
     0 | D:1      | Ijustatesigmund the Spriggan Hunter began the quest for the Orb.
     0 | D:1      | Reached XP level 1. HP: 10/10 MP: 2/2
   112 | D:1      | Reached skill level 2 in Stealth
   517 | D:1      | Reached XP level 2. HP: 14/14 MP: 3/3
   889 | D:1      | Reached skill level 1 in Short Blades
   889 | D:1      | Reached skill level 3 in Stealth
  1147 | D:1      | Reached XP level 3. HP: 12/18 MP: 4/4
  2067 | D:2      | Reached skill level 4 in Stealth
  2131 | D:2      | Noticed Robin
  2392 | D:2      | Reached XP level 4. HP: 22/22 MP: 5/5
  2400 | D:2      | Killed Robin
  2744 | D:3      | Noticed Xiguana's ghost (amateur DsCK)
  2822 | D:4      | Noticed a phantom
  2822 | D:4      | Noticed a phantom
  3904 | D:3      | Reached skill level 5 in Stealth
  3912 | D:3      | Found an iron altar of Okawaru.
  3948 | D:3      | Reached XP level 5. HP: 24/25 MP: 6/6
  4080 | D:3      | Found a blossoming altar of Fedhas.
  4271 | D:4      | Killed a phantom
  4271 | D:4      | Reached skill level 5 in Dodging
  4296 | D:4      | Noticed Duvessa
  4298 | D:4      | Noticed Dowan
  4336 | D:3      | Found a shattered altar of Ashenzari.
  4344 | D:3      | Became a worshipper of Ashenzari the Shackled
  4382 | D:3      | Found a sparkling altar of Nemelex Xobeh.
  4389 | D:3      | Noticed Sigmund
  4396 | D:3      | Killed Sigmund
  4396 | D:3      | Reached skill level 1 in Shields
  4396 | D:3      | Reached XP level 6. HP: 30/30 MP: 7/7
  4565 | D:3      | Found an opulent altar of Gozag.
  4806 | D:4      | Noticed Blork the orc
  4825 | D:5      | Entered Level 5 of the Dungeon
  5212 | D:5      | Reached XP level 7. HP: 33/33 MP: 8/8
  5272 | D:4      | Killed Dowan
  5319 | D:4      | Killed Duvessa
  5758 | D:4      | Found a staircase to the Ecumenical Temple.
  5851 | D:4      | Killed Blork the orc
  6318 | D:4      | Found a shadowy altar of Dithmenos.
  6324 | D:4      | Found a deep blue altar of Sif Muna.
  6329 | D:4      | Found a burning altar of Makhleb.
  6580 | D:5      | Found an ancient bone altar of Kikubaaqudgha.
  6651 | D:5      | Found a shadowy altar of Dithmenos.
  6764 | D:5      | Reached XP level 8. HP: 39/39 MP: 9/9
  7104 | D:6      | Reached * piety under Ashenzari
  7249 | D:6      | Reached skill level 5 in Short Blades
  7520 | D:6      | Noticed Grinder
  7543 | D:6      | Paralysed by Grinder for 7 turns
  7558 | D:6      | Killed Grinder
  7656 | D:6      | Found a sacrificial altar of Ru.
  7794 | D:6      | Learned a level 1 spell: Apportation
  7824 | D:7      | Noticed Joseph
  7849 | D:7      | Killed Joseph
  7849 | D:7      | Reached XP level 9. HP: 11/45 MP: 9/13
  8009 | D:7      | Noticed gottagoquickly's ghost (novice TrSk)
  8168 | D:8      | Found a staircase to the Lair.
  8715 | D:8      | Found a bloodstained altar of Trog.
  8745 | D:8      | Reached skill level 6 in Stealth
  8836 | D:8      | Noticed Psyche
  8872 | D:8      | Killed Psyche
  9130 | D:8      | Reached skill level 7 in Stealth
  9826 | D:7      | Learned a level 1 spell: Summon Butterflies
 10271 | D:9      | Reached skill level 5 in Translocations
 10296 | D:9      | Noticed Pikel
 10498 | D:9      | Reached skill level 8 in Stealth
 10543 | D:9      | Found a blossoming altar of Fedhas.
 10575 | D:9      | Reached ** piety under Ashenzari
 10850 | D:10     | Entered Level 10 of the Dungeon
 11052 | D:10     | Noticed an orc knight
 11058 | D:10     | Noticed a hill giant
 11058 | D:10     | Noticed a hill giant
 11060 | D:10     | Reached skill level 5 in Evocations
 11176 | D:10     | Found a staircase to the Orcish Mines.
 11176 | D:10     | Found a roughly hewn altar of Beogh.
 11209 | D:9      | Reached XP level 10. HP: 49/49 MP: 16/16
 11660 | D:10     | Found a white marble altar of Elyvilon.
 11690 | D:10     | Noticed Fannar
 11745 | D:10     | Killed Fannar
 11745 | D:10     | Reached skill level 9 in Stealth
 11745 | D:10     | Reached skill level 1 in Summonings
 12393 | D:10     | Reached skill level 10 in Stealth
 12800 | D:10     | Identified the +1 leather armour of Esteimio {rElec} (You took it off a wight on level 10 of the Dungeon)
 12923 | D:11     | Found Orhim's Jewellery Boutique.
 13336 | D:11     | Noticed Erica
 13467 | D:11     | Noticed a manticore
 13468 | D:11     | Killed a manticore
 13468 | D:11     | Reached skill level 11 in Stealth
 13672 | D:10     | Reached XP level 11. HP: 42/53 MP: 1/17
 13827 | D:10     | Noticed a hill giant
 13840 | D:10     | Killed a hill giant
 13924 | D:10     | Killed a hill giant
 14409 | D:10     | Killed a hill giant
 14571 | Orc:1    | Entered Level 1 of the Orcish Mines
 14571 | Orc:1    | Found a roughly hewn altar of Beogh.
 14576 | Orc:1    | Noticed Urug
 14863 | Orc:1    | Mangled by Urug

Vault maps used:
D:1:      evilmike_arrival_rings, minmay_misc_feat_enclosed
D:2:      uniq_robin
D:3:      overflow_temple_1_default, nemelex_altar_shiori,
          cheibrodos_ashenzari_chains, grunt_gozag_breadcrumbs,
          fedhas_altar_fruit_tree, uniq_sigmund
D:4:      minmay_overflow_temple_star_quad, bh_walls_and_bars,
          uniq_blork_the_orc, uniq_duvessa
D:5:      first_bread, basic_altar, nicolae_dithmenos_through_a_glass_darkly
D:6:      kennysheep_mini, interstate_on_off, uniq_grinder
D:7:      uniq_crazy_yiuf_cottage, uniq_joseph
D:8:      bloody_trog, lair_0_dummy, uniq_psyche
D:9:      grunt_temple_overflow_growth_and_decay, overflow_temple_1_default,
          uniq_pikel
D:10:     david_orc_5, hangedman_pestilent_swarm, elyvilon_altar_4, uniq_fannar
D:11:     serial_shops, nicolae_shop_trees, minmay_misc_feat_doors,
          minmay_misc_feat_chi, uniq_erica
Orc:1:    nicolae_orc_accident_2, basic_altar, uniq_urug

Skill      XL: |  1  2  3  4  5  6  7  8  9 10 11 |
---------------+----------------------------------+-----
Stealth        | 2 3 4 5 8 11 | 11.1
Short Blades   | 1 2 3 4 5 7 8 9 |  9.8
Dodging        | 4 6 8 9 |  9.4
Shields        | 1 2 3 4 |  4.7
Fighting       | 3 4 |  4.8
Spellcasting   | 2 3 |  3.6
Translocations | 3 5 |  5.9
Evocations     | 5 6 |  6.9
Summonings     | 2 |  2.7
Throwing       | |  4.0

Action                   |  1- 3 |  4- 6 |  7- 9 | 10-12 || total
-------------------------+-------+-------+-------+-------++-------
Melee: Short sword       |   146 |   158 |       |       ||   304
       Dagger            |       |    98 |   550 |   624 ||  1272
Throw: Tomahawk          |    27 |    15 |    55 |    63 ||   160
       Throwing net      |     3 |     2 |       |       ||     5
 Cast: Summon Butterflie |       |       |       |     4 ||     4
Invok: Curse Item        |       |     1 |     1 |     1 ||     3
       Scrying           |       |       |     1 |       ||     1
Evoke: Wand              |       |       |     7 |    17 ||    24
  Use: Scroll            |     5 |     5 |     6 |     3 ||    19
       Potion            |       |     3 |     2 |     2 ||     7
 Stab: Sleeping          |    12 |     3 |    15 |     4 ||    34
       Distracted        |       |       |       |     2 ||     2
  Eat: Bread ration      |       |     1 |       |       ||     1
       Royal jelly       |       |       |     1 |     1 ||     2
       Pizza             |       |       |       |     2 ||     2
       Fruit             |       |       |       |     2 ||     2
Armor: Robe              |    16 |    23 |    20 |    18 ||    77
Dodge: Dodged            |   114 |   198 |   222 |   228 ||   762
Block: Buckler           |    22 |    92 |   144 |   184 ||   442
